Map: Pillars of Gold LE

Players

Trifax

  • Race: Zerg Zerg
  • League: Grandmaster
  • Spawn Location: 1:00

Neeblet (Neeb) - Winner!

  • Race: Protoss Protoss
  • League: Grandmaster
  • Spawn Location: 7:00

VOD

Have the link to the VOD?

Description

Time

  • Played on: Sept. 28, 2020, 12:21 p.m.
  • Length: 12:38
Show
View Real Time Build Order
Export as new Build Order

Trifax Zerg 

Build Orders: Hatch First, Lurkers, Roach Hydra 

Get SALT Encoding   

  12  0:00  Drone  
  13  0:12  Overlord  
  13  0:17  Drone  
  14  0:31  Drone x2  
  16  0:47  Drone  
  17  0:56  Hatchery  
  16  0:57  Drone  
  16  1:03  Drone  
  18  1:15  Extractor  
  17  1:21  Spawning Pool  
  17  1:22  Drone  
  18  1:25  Drone  
  18  1:31  Drone  
  19  1:44  Drone  
  20  1:50  Overlord  
  20  2:07  Queen  
  22  2:08  Queen  
  22  2:09  Zergling x4  
  26  2:17  Drone, Metabolic Boost  
  26  2:21  Drone  
  28  2:25  Drone  
  29  2:30  Drone  
  30  2:44  Hatchery  
  29  2:48  Drone  
  29  2:49  Drone  
  31  2:54  Overlord  
  31  3:01  Zergling x4  
  31  3:05  Queen  
  35  3:15  Drone x3  
  37  3:23  Drone x3  
  40  3:27  Overlord  
  40  3:30  Drone  
  41  3:34  Drone  
  41  3:38  Overlord  
  42  3:44  Queen  
  42  3:45  Overlord  
  44  3:53  Overlord  
  44  3:57  Queen  
  44  4:01  Spore Crawler  
  44  4:02  Spore Crawler  
  44  4:03  Drone x2  
  44  4:06  Drone  
  44  4:09  Drone x2  
  49  4:14  Drone x2  
  51  4:17  Drone x2  
  53  4:30  Zergling x8  
  57  4:33  Spore Crawler  
  57  4:34  Roach Warren  
  57  4:35  Drone x2  
  57  4:41  Drone x4  
  57  4:45  Drone x2  
  63  4:46  Drone  
  63  4:50  Spore Crawler  
  64  4:53  Drone x3  
  67  5:00  Overlord  
  67  5:04  Drone x6  
  73  5:08  Lair  
  73  5:12  Extractor x2  
  71  5:18  Drone x3  
  71  5:20  Evolution Chamber  
  73  5:25  Drone x2  
  73  5:26  Drone x5  
  79  5:28  Extractor  
  79  5:31  Drone x2  
  79  5:32  Extractor  
  79  5:33  Extractor  
  78  5:45  Drone x3  
  78  5:46  Overlord x3  
  81  5:52  Overlord  
  81  6:05  Roach  
  81  6:06  Roach x9  
  101  6:17  Glial Reconstitution, Zerg Missile Weapons Level 1  
  101  6:19  Overlord x2  
  101  6:23  Drone x2  
  103  6:29  Overlord x2  
  103  6:31  Roach x3  
  103  6:32  Ravager x2  
  111  6:33  Ravager  
  112  6:43  Hatchery  
  111  6:48  Ravager x3  
  111  6:50  Roach x4  
  122  6:55  Roach  
  122  6:56  Roach x3  
  130  7:01  Roach  
  130  7:02  Roach x2  
  131  7:16  Drone x10  
  139  7:27  Drone x4  
  139  7:28  Overseer  
  143  7:30  Hydralisk Den  
  143  7:34  Drone x3  
  145  7:38  Pneumatized Carapace  
  145  7:40  Overlord x3  
  145  7:57  Hatchery  
  145  7:58  Drone x4  
  146  7:59  Drone  
  146  8:01  Extractor  
  146  8:02  Extractor  
  146  8:03  Hydralisk x5  
  157  8:09  Hydralisk x3  
  163  8:13  Overlord x2  
  162  8:22  Spore Crawler  
  162  8:23  Spine Crawler  
  162  8:25  Zerg Missile Weapons Level 2, Grooved Spines  
  159  8:38  Drone x4  
  162  8:41  Drone  
  162  8:42  Spine Crawler  
  162  8:56  Hydralisk x3  
  162  8:57  Hydralisk x2  
  162  9:01  Lurker Den  
  170  9:05  Hydralisk x8  
  170  9:07  Infestation Pit  
  170  9:08  Drone x3  
  185  9:20  Overlord  
  185  9:21  Overlord x2  
  185  9:23  Drone x6  
  191  9:26  Spine Crawler  
  191  9:28  Spine Crawler  
  189  9:37  Muscular Augments  
  189  9:44  Hive  
  172  9:49  Drone x4  
  172  9:50  Drone x3  
  179  10:04  Spine Crawler  
  179  10:05  Spine Crawler  
  179  10:06  Spore Crawler  
  174  10:10  Extractor  
  174  10:13  Extractor  
  172  10:17  Hydralisk  
  172  10:18  Hydralisk x5  
  172  10:20  Overseer  
  184  10:32  Drone x2, Spire  
  184  10:33  Drone x7  
  192  10:36  Spine Crawler  
  192  10:38  Lurker x9  
  200  10:52  Evolution Chamber  
  200  10:55  Spine Crawler  
  198  10:57  Spine Crawler  
  197  11:04  Viper  
  197  11:06  Seismic Spines  
  197  11:10  Spine Crawler  
  199  11:12  Spine Crawler  
  198  11:23  Spire  
  195  11:34  Lurker  
  195  11:35  Lurker x7  
  192  11:45  Hydralisk x7  
  192  11:46  Hydralisk x3  
  196  11:53  Hydralisk x9  
  200  11:59  Hydralisk  
  200  12:00  Hydralisk  
  167  12:07  Hydralisk x3  
  146  12:09  Zergling x22  
  146  12:10  Zergling x18  
Show
View Real Time Build Order
Export as new Build Order

Neeblet Protoss - Winner!

Build Orders: 1 Gate Expand, Oracle Opening, Archon Immortal 

Get SALT Encoding   

  12  0:00  Probe  
  13  0:12  Probe  
  14  0:20  Pylon  
  14  0:24  Probe (Chrono Boost)  
  15  0:39  Probe (Chrono Boost)  
  15  0:41  Gateway  
  16  0:45  Probe (Chrono Boost)  
  17  0:51  Assimilator  
  17  0:54  Probe  
  18  1:06  Probe  
  19  1:18  Probe  
  20  1:28  Nexus  
  20  1:40  Cybernetics Core  
  20  1:42  Probe  
  21  1:52  Assimilator  
  21  1:54  Probe  
  21  1:58  Pylon  
  22  2:06  Probe (Chrono Boost)  
  23  2:13  Adept (Chrono Boost)  
  23  2:17  Probe (Chrono Boost)  
  26  2:22  Probe (Chrono Boost)  
  26  2:25  Stargate  
  27  2:34  Probe  
  27  2:35  Adept (Chrono Boost)  
  30  2:41  Probe  
  30  2:43  Warp Gate  
  31  2:46  Probe  
  32  2:53  Probe  
  33  2:58  Probe, Gateway  
  33  3:03  Void Ray (Chrono Boost)  
  33  3:05  Probe  
  35  3:10  Probe  
  40  3:17  Probe  
  41  3:22  Probe, Pylon  
  42  3:29  Probe  
  43  3:35  Probe  
  43  3:38  Oracle (Chrono Boost)  
  43  3:41  Assimilator, Probe  
  47  3:46  Assimilator  
  47  3:48  Probe  
  49  3:50  Pylon  
  49  3:53  Probe  
  49  3:54  Robotics Facility  
  50  4:00  Probe  
  51  4:05  Probe  
  51  4:06  Pylon  
  52  4:12  Probe  
  53  4:18  Probe  
  53  4:20  Pylon  
  55  4:24  Probe  
  55  4:28  Nexus  
  55  4:30  Pylon  
  55  4:35  Sentry  
  55  4:36  Sentry  
  59  4:41  Immortal (Chrono Boost)  
  63  4:48  Probe x2  
  65  5:00  Sentry x2  
  65  5:01  Shield Battery  
  65  5:02  Probe x2  
  71  5:10  Immortal (Chrono Boost)  
  75  5:14  Probe x2  
  75  5:19  Pylon  
  77  5:26  Probe x2  
  79  5:38  Immortal (Chrono Boost)  
  79  5:40  Gateway  
  79  5:41  Probe (Chrono Boost), Gateway  
  79  5:42  Probe x2 (Chrono Boost)  
  86  5:53  Probe (Chrono Boost)  
  86  5:54  Probe x2 (Chrono Boost)  
  89  5:59  Probe  
  89  6:00  Forge  
  89  6:01  Twilight Council  
  89  6:03  Probe  
  89  6:04  Probe  
  92  6:05  Pylon  
  92  6:06  Observer (Chrono Boost)  
  92  6:11  Probe  
  94  6:12  Stalker x2  
  94  6:16  Assimilator  
  94  6:18  Probe x2, Pylon  
  99  6:20  Assimilator  
  99  6:23  Probe  
  99  6:24  Warp Prism (Chrono Boost)  
  101  6:30  Protoss Ground Weapons Level 1 (Chrono Boost), Probe x2  
  105  6:33  Pylon  
  105  6:37  Charge  
  105  6:39  Probe  
  106  6:46  Pylon  
  106  6:47  Gateway  
  106  6:50  Templar Archives  
  106  6:51  Gateway  
  106  6:56  Gateway  
  106  6:57  Gateway  
  106  7:00  Immortal (Chrono Boost)  
  108  7:17  Psionic Storm  
  106  7:26  High Templar x4  
  106  7:29  Probe x2  
  116  7:30  Probe  
  116  7:34  Immortal (Chrono Boost)  
  116  7:36  Photon Cannon  
  116  7:37  Photon Cannon  
  121  7:39  Pylon, Photon Cannon  
  121  7:42  Photon Cannon  
  121  7:44  Probe x3  
  121  7:49  High Templar x2  
  128  7:53  Zealot x2  
  128  7:56  Probe  
  133  8:03  Immortal, Photon Cannon  
  133  8:04  Photon Cannon  
  137  8:06  High Templar  
  137  8:07  High Templar  
  137  8:10  Nexus  
  137  8:11  Pylon  
  141  8:13  Archon  
  141  8:16  Zealot  
  141  8:17  High Templar, Zealot  
  141  8:18  Zealot  
  149  8:23  Pylon  
  149  8:27  Stargate  
  149  8:35  Probe x3, Stargate  
  149  8:38  Photon Cannon  
  148  8:44  Shield Battery, Photon Cannon  
  148  8:45  Shield Battery  
  148  8:48  Protoss Ground Weapons Level 2 (Chrono Boost)  
  148  8:49  Immortal  
  148  8:52  Zealot  
  154  9:04  High Templar  
  154  9:06  Photon Cannon  
  154  9:07  Assimilator  
  156  9:10  High Templar  
  156  9:12  Assimilator, Shield Battery  
  156  9:14  Archon  
  156  9:20  Photon Cannon  
  156  9:21  Fleet Beacon  
  156  9:28  High Templar, Zealot  
  156  9:29  Zealot x4  
  166  9:33  Pylon  
  166  9:34  Pylon  
  166  9:36  Pylon  
  166  9:56  Observer  
  166  9:59  Protoss Air Weapons Level 1 (Chrono Boost)  
  167  10:01  Pylon  
  167  10:04  Carrier (Chrono Boost)  
  167  10:08  Carrier (Chrono Boost)  
  167  10:12  Carrier (Chrono Boost)  
  183  10:18  Nexus, Photon Cannon  
  183  10:20  Photon Cannon  
  181  10:22  Shield Battery, Pylon  
  181  10:25  Cybernetics Core  
  181  10:28  Dark Shrine  
  181  10:34  Pylon  
  181  10:53  High Templar x3  
  181  10:54  High Templar, Zealot x4  
  197  10:58  Photon Cannon  
  197  10:59  Photon Cannon, Archon  
  197  11:00  Photon Cannon, Archon  
  197  11:01  Shield Battery x2  
  197  11:03  Shield Battery  
  197  11:05  Photon Cannon  
  197  11:15  Photon Cannon  
  197  11:29  Assimilator  
  197  11:31  Assimilator  
  181  12:20  Dark Templar  
  181  12:21  Dark Templar x7  
Tags
 
Add a new tag
Caveats
  • Supply blocks, unpowered buildings, or Contaminate may cause inaccurate times.
  • Supply counts are checked every 10 seconds.